 Dungeon Crawl Stone Soup version 0.28-a0-661-g144af121cd (webtiles) character file.

Game seed: 3377172252244223744

195 Ijustatesigmund the Thaumaturge (level 5, -5/36 (37) HPs)
             Began as a Gnoll Wanderer on Oct 14, 2021.
             Slain by a hornet zombie (8 damage)
             ... on level 4 of the Dungeon.
             The game lasted 00:11:57 (4280 turns).

Ijustatesigmund the Thaumaturge (Gnoll Wanderer)    Turns: 4280, Time: 00:11:58

HP:   -5/36 (37)    AC:  2    Str: 12    XL:     5   Next: 74%
MP:   16/16         EV: 12    Int: 10    God:
Gold: 171           SH:  4    Dex: 13    Spells: 18/22 levels left

rFire   . . .      SeeInvis .   a - +2 short sword (elec)
rCold   . . .      Faith    .   b - +0 buckler
rNeg    . . .      Spirit   .   c - +0 robe
rPois   .          Reflect  .   (no helmet)
rElec   .          Harm     .   (no cloak)
rCorr   .          Rampage  .   (no gloves)
Will    .....                   (no boots)
Stlth   ++........              n - amulet of magic regeneration
HPRegen 0.12/turn               (no ring)
MPRegen 0.40/turn               (no ring)

@: lightly drained
A: fangs 1, strong nose, distributed training
a: no special abilities


You were on level 4 of the Dungeon.
You visited 1 branch of the dungeon, and saw 4 of its levels.
You also visited: Ossuary.

You collected 171 gold pieces.

Inventory:

Hand Weapons
 a - a +2 short sword of electrocution (weapon)
Missiles
 f - 6 boomerangs of dispersal
 k - a throwing net
 l - 4 curare-tipped darts
Armour
 b - a +0 buckler (worn)
 c - a +0 robe (worn)
Jewellery
 n - an amulet of magic regeneration (around neck)
Scrolls
 m - a scroll of brand weapon
 p - a scroll of immolation
 r - a scroll of fear
Potions
 d - 3 potions of lignification
 e - 3 potions of curing
 h - a potion of flight
 i - a potion of might
 j - 2 potions of brilliance


   Skills:
 + Level 1.6 Fighting
 + Level 1.6 Short Blades
 + Level 1.6 Long Blades
 + Level 1.6 Axes
 + Level 1.6 Maces & Flails
 + Level 1.6 Polearms
 + Level 1.6 Staves
 + Level 1.6 Slings
 + Level 1.6 Bows
 + Level 1.6 Crossbows
 + Level 3.0 Throwing
 + Level 1.6 Armour
 + Level 1.6 Dodging
 + Level 1.6 Stealth
 + Level 3.0 Shields
 + Level 1.6 Unarmed Combat
 + Level 9.4 Spellcasting
 + Level 4.0 Conjurations
 + Level 1.3 Hexes
 + Level 1.3 Summonings
 + Level 1.3 Necromancy
 + Level 1.3 Translocations
 + Level 1.3 Transmutations
 + Level 1.3 Fire Magic
 + Level 4.0 Ice Magic
 + Level 1.3 Air Magic
 + Level 1.3 Earth Magic
 + Level 1.3 Poison Magic
 + Level 1.8 Invocations
 + Level 1.6 Evocations


You had 18 spell levels left.
You knew the following spells:

 Your Spells              Type           Power      Damage    Failure   Level
a - Magic Dart            Conj           48%        1d5       3%          1
b - Foxfire               Conj/Fire      40%        2x1d6     5%          1
c - Blink                 Tloc           N/A        N/A       14%         2

Your spell library contained the following spells:

 Spells                   Type           Power      Damage    Failure   Level
 Call Imp                 Summ           7%         N/A       14%         2
 Slow                     Hex            7%         N/A       14%         2
 Conjure Flame            Conj/Fire      10%        6-21      16%         3
 Mephitic Cloud           Conj/Pois/Air  9%         N/A       21%         3
 Inner Flame              Hex/Fire       7%         N/A       28%         3
 Flame Wave               Conj/Fire      10%        3d4       47%         4


Dungeon Overview and Level Annotations

Branches:
Dungeon (4/15)            Ossuary (visited)
 Temple: D:4-7

Altars:

Annotations:
D:4 Pikel, Robin


Innate Abilities, Weirdness & Mutations

You have very sharp teeth.
Your uncanny sense of smell can sniff out nearby items.
Your experience applies equally to all skills.


Message History

Casting: Foxfire (safe; 5% risk of failure)
Confirm with . or Enter, or press ? or * to list all spells.
You conjure some foxfire!
Pikel shouts!
You hear a shout!
The hobgoblin closely misses you. You block Robin's attack.
The foxfire hits Pikel but does no damage.
Casting: Foxfire (safe; 5% risk of failure)
Confirm with . or Enter, or press ? or * to list all spells.
You blink.
A goblin comes into view. It is wielding a +0 dagger.
The foxfire hits the hobgoblin.
The hobgoblin is heavily wounded.
You block Robin's attack.
The goblin unwields a +0 dagger.
The goblin wields a +0 hunting sling.
The goblin shoots a sling bullet.
You block the sling bullet.
Robin says, "A pitiful Gnoll like you will never find the ORB!"
The goblin shoots a sling bullet.
You block the sling bullet.
The hobgoblin no longer looks unusually strong.
Robin says, "Duck!"
Robin throws the goblin at you!
The goblin unwields a +0 hunting sling.
The goblin wields a +0 dagger.
The goblin hits you but does no damage.
You hit the goblin. Your bite misses the goblin.
The goblin is severely wounded.
The hobgoblin hits you.
* * * LOW HITPOINT WARNING * * *
You puncture the goblin!
You kill the goblin!
The hobgoblin hits you.
* * * LOW HITPOINT WARNING * * *
You feel better. You block Robin's attack. The hobgoblin barely misses you.
Items here: ( )) †.
Robin roars a battlecry!
The goblins go into a battle-frenzy!
The hornet zombie barely misses you. The hornet zombie hits you!
* * * LOW HITPOINT WARNING * * *
You closely miss the hornet zombie.
The hobgoblin no longer looks unusually strong.
The hobgoblin closely misses you. The hornet zombie hits you!
You die...

... ∆ ... ... .....
.. #. ############
...#.# #..........#
......####....Bg@Z..#
#....?.†....!.$.(.#
######.###..[g......#
5K5.................#
..####.###..........#
..# ##.###..........#
..###...##..........#
......####..........#
..##### #..........#


You could see Robin, a hornet zombie, a giant cockroach and a hobgoblin.

Vanquished Creatures
  A lemure (D:4)
  A hound zombie (Ossuary)
  4 mummies (Ossuary)
  2 adders (D:2)
  An adder zombie (Ossuary)
  An adder skeleton (D:4)
  A worm (D:2)
  2 dart slugs
  3 orcs
  6 endoplasms
  3 giant cockroaches
  15 goblins
  8 hobgoblins
  5 jackals
  6 kobolds
  3 quokkas
  4 ball pythons
  6 bats
  5 frilled lizards
  3 gnoll zombies (Ossuary)
  A goblin zombie (Ossuary)
  3 hobgoblin zombies (Ossuary)
  2 orc zombies (Ossuary)
  6 rats
  A rat zombie (Ossuary)
93 creatures vanquished.

Vanquished Creatures (others)
  5 foxfires
5 creatures vanquished.

Grand Total: 98 creatures vanquished

Notes
Turn   | Place    | Note
-------+----------+-------------------------------------------
     0 | D:1      | Reached skill level 9 in Spellcasting
     0 | D:1      | Ijustatesigmund the Gnoll Wanderer began the quest for the
                  | Orb.
     0 | D:1      | Ijustatesigmund set off with the following items: a +0
                  | club, a +0 buckler, a +0 robe, a potion of lignification;
                  | and the following spell memorised: Magic Dart; and the
                  | following spells available to memorise: Conjure Flame,
                  | Blink, Call Imp, Slow, Mephitic Cloud
     0 | D:1      | Reached XP level 1. HP: 13/13 MP: 10/10
   138 | D:1      | Reached XP level 2. HP: 19/19 MP: 7/12
   704 | D:1      | Learned a level 1 spell: Foxfire
   707 | D:1      | Learned a level 2 spell: Blink
   888 | D:1      | Reached XP level 3. HP: 25/25 MP: 11/13
  1103 | D:2      | Found a faded altar of an unknown god.
  1104 | D:2      | Noticed an eye of devastation
  1141 | D:2      | Noticed an eye of devastation
  1239 | D:2      | Noticed a shining eye
  1246 | D:2      | Noticed a shining eye
  1450 | D:2      | Reached skill level 1 in Invocations
  1636 | D:2      | Reached skill level 1 in Fighting
  1636 | D:2      | Reached skill level 1 in Short Blades
  1636 | D:2      | Reached skill level 1 in Long Blades
  1636 | D:2      | Reached skill level 1 in Axes
  1636 | D:2      | Reached skill level 1 in Maces & Flails
  1636 | D:2      | Reached skill level 1 in Polearms
  1636 | D:2      | Reached skill level 1 in Staves
  1636 | D:2      | Reached skill level 1 in Slings
  1636 | D:2      | Reached skill level 1 in Bows
  1636 | D:2      | Reached skill level 1 in Crossbows
  1636 | D:2      | Reached skill level 1 in Armour
  1636 | D:2      | Reached skill level 1 in Dodging
  1636 | D:2      | Reached skill level 1 in Stealth
  1636 | D:2      | Reached skill level 1 in Unarmed Combat
  1636 | D:2      | Reached skill level 1 in Evocations
  1696 | D:2      | Reached XP level 4. HP: 32/32 MP: 13/15
  2722 | D:3      | Reached skill level 1 in Hexes
  2722 | D:3      | Reached skill level 1 in Summonings
  2722 | D:3      | Reached skill level 1 in Necromancy
  2722 | D:3      | Reached skill level 1 in Translocations
  2722 | D:3      | Reached skill level 1 in Transmutations
  2722 | D:3      | Reached skill level 1 in Fire Magic
  2722 | D:3      | Reached skill level 1 in Air Magic
  2722 | D:3      | Reached skill level 1 in Earth Magic
  2722 | D:3      | Reached skill level 1 in Poison Magic
  3039 | D:4      | Noticed Robin
  3048 | D:4      | Noticed Pikel
  3053 | D:4      | Noticed a lemure
  3054 | D:4      | Killed a lemure
  3057 | D:4      | Noticed a lemure
  3064 | D:4      | Noticed a lemure
  3116 | D:3      | HP: 1/32 [orc (3)]
  3118 | D:3      | Reached XP level 5. HP: 2/37 MP: 16/16
  3157 | D:4      | Noticed a necrophage
  3178 | D:4      | Found a sand-covered staircase.
  3178 | D:4      | Noticed a lemure
  3185 | Ossuary  | Entered an ossuary
  4280 | D:4      | Slain by a hornet zombie

Illustrated notes

Levels and vault maps discovered:
D:1:      dpeg_arrival_more_subterranean_lakeside_camping, layout_basic
D:2:      minmay_inner_zag, layout_basic,
          hellmonk_ecumenical_altar_watching_god, kennysheep_minor_cross
D:3:      layout_rooms
D:4:      layout_rooms, gup_ossuary_entry_pyramid, serial_shops, shop,
          uniq_pikel, uniq_crazy_yiuf_cottage, uniq_robin

Skill      XL: |  1  2  3  4  5 |
---------------+----------------+-----
Spellcasting   | |  9.4
Invocations    | 1 |  1.8
Fighting       | 1 |  1.6
Short Blades   | 1 |  1.6
Long Blades    | 1 |  1.6
Axes           | 1 |  1.6
Maces & Flails | 1 |  1.6
Polearms       | 1 |  1.6
Staves         | 1 |  1.6
Slings         | 1 |  1.6
Bows           | 1 |  1.6
Crossbows      | 1 |  1.6
Armour         | 1 |  1.6
Dodging        | 1 |  1.6
Stealth        | 1 |  1.6
Unarmed Combat | 1 |  1.6
Evocations     | 1 |  1.6
Hexes          | 1 |  1.3
Summonings     | 1 |  1.3
Necromancy     | 1 |  1.3
Translocations | 1 |  1.3
Transmutations | 1 |  1.3
Fire Magic     | 1 |  1.3
Air Magic      | 1 |  1.3
Earth Magic    | 1 |  1.3
Poison Magic   | 1 |  1.3
Throwing       | 3 |  3.0
Shields        | 3 |  3.0
Conjurations   | 4 |  4.0
Ice Magic      | 4 |  4.0

Action                   |  1- 3 |  4- 6 || total
-------------------------+-------+-------++-------
Melee: Short sword       |     8 |    82 ||    90
       Bite              |       |     4 ||     4
 Cast: Magic Dart        |    83 |    89 ||   172
       Foxfire           |     2 |     2 ||     4
       Blink             |       |     6 ||     6
  Use: Scroll            |     6 |    12 ||    18
       Potion            |       |     5 ||     5
Armor: Robe              |     3 |    18 ||    21
       Skin              |       |    84 ||    84
Dodge: Dodged            |     5 |    47 ||    52
Block: Buckler           |     6 |    41 ||    47

Table legend: (Time is in decaauts)
 A = Elapsed time spent in this place.
 B = Non-inter-level travel time spent in this place.
 C = Inter-level travel time spent in this place.
 D = Time resting spent in this place.
 E = Time spent auto-exploring this place.
 F = Levels seen in this place.
 G = Mean time per level.
                   A        B        C        D        E       F      G
               +--------+--------+--------+--------+--------+-----+--------+
         Total |   4286 |   4207 |     79 |   1129 |   2316 |   5 |  857.2 |
       Dungeon |   3255 |   3176 |     79 |    322 |   2208 |   4 |  813.8 |
       Ossuary |   1030 |   1030 |      0 |    807 |    108 |   1 | 1030.0 |
               +--------+--------+--------+--------+--------+-----+--------+

Top non-repeatable levels by time:
     D:2: 1185 daAuts
     D:1: 1087 daAuts
 Ossuary: 1030 daAuts
     D:3: 768 daAuts
     D:4: 214 daAuts
